 Dungeon Crawl Stone Soup version 0.25.0-9-g26727b657a (webtiles) character file.

Game seed: 16644504058097794390

515 HungrySpirit the Covert (level 7, -9/56 HPs)
             Began as a Gnoll Assassin on June 16, 2020.
             Splashed by Ijyb's acid (12 damage)
             ... on level 4 of the Dungeon.
             The game lasted 00:04:44 (3829 turns).

HungrySpirit the Covert (Gnoll Assassin)            Turns: 3829, Time: 00:04:44

Health: -9/56      AC:  0    Str: 13    XL:     7   Next: 20%
Magic:  10/10      EV:  7    Int: 15    God:
Gold:   166        SH:  0    Dex: 17    Spells: 10/10 levels left

rFire    . . .     SeeInvis .   l - +3 dagger
rCold    . . .     Gourm    .   (no shield)
rNeg     . . .     Faith    .   m - +0 chain mail (curse)
rPois    .         Spirit   .   v - +0 helmet
rElec    .         Reflect  .   c - +0 cloak
rCorr    .         Harm     .   (no gloves)
MR       .....                  (no boots)
Stlth    +.........             (no amulet)
HPRegen  0.18/turn              (no ring)
MPRegen  0.12/turn              (no ring)

@: corroded
A: distributed training, fangs 1, strong nose
a: no special abilities


You were on level 4 of the Dungeon.
You were not hungry.

You visited 1 branch of the dungeon, and saw 4 of its levels.

You collected 166 gold pieces.

Inventory:

Hand Weapons
 l - a +3 dagger (weapon)
 t - a +0 vampiric whip
Missiles
 d - 11 poisoned darts (quivered)
 e - 2 curare-tipped darts
Armour
 c - a +0 cloak (worn)
 m - a cursed +0 chain mail (worn)
 v - a +0 helmet (worn)
Jewellery
 p - an uncursed ring of flight {unknown}
Wands
 y - a wand of acid (5)
Scrolls
 h - 3 scrolls of teleportation {unknown}
 i - 2 scrolls of identify {unknown}
 j - a scroll of fear {unknown}
 k - 2 scrolls of remove curse {unknown}
 n - a scroll of magic mapping {unknown}
 q - a scroll of amnesia {unknown}
Potions
 a - 2 potions of heal wounds
 b - a potion of ambrosia {unknown}
 g - a potion of mutation {unknown}
 o - a potion of magic {unknown}
 r - a potion of invisibility {unknown}
 s - a potion of degeneration {unknown}
 w - a potion of berserk rage {unknown}
 x - 2 potions of might {unknown}
Comestibles
 f - 10 rations


   Skills:
 + Level 5.1 Fighting
 + Level 5.1 Short Blades
 + Level 2.3 Long Blades
 + Level 2.3 Axes
 + Level 2.3 Maces & Flails
 + Level 2.3 Polearms
 + Level 2.3 Staves
 + Level 2.3 Slings
 + Level 2.3 Bows
 + Level 2.3 Crossbows
 + Level 5.1 Throwing
 + Level 2.3 Armour
 + Level 3.5 Dodging
 + Level 8.1 Stealth
 + Level 2.3 Shields
 + Level 2.3 Unarmed Combat
 + Level 2.3 Spellcasting
 + Level 1.8 Conjurations
 + Level 1.8 Hexes
 + Level 1.8 Charms
 + Level 1.8 Summonings
 + Level 1.8 Necromancy
 + Level 1.8 Translocations
 + Level 1.8 Transmutations
 + Level 1.8 Fire Magic
 + Level 1.8 Ice Magic
 + Level 1.8 Air Magic
 + Level 1.8 Earth Magic
 + Level 1.8 Poison Magic
 + Level 2.5 Invocations
 + Level 2.3 Evocations


You had 10 spell levels left.
You didn't know any spells.
Your spell library was empty.

Dungeon Overview and Level Annotations

Branches:
Dungeon (4/15)
 Temple: D:4-7

Altars:
Makhleb
Uskayaw
Xom
Yredelemnul

Annotations:
D:4 Ijyb


Innate Abilities, Weirdness & Mutations

Your experience applies equally to all skills.
You have very sharp teeth.
Your uncanny sense of smell can sniff out nearby items.


Message History

Throwing (i - inventory. (/) - cycle)
d - 13 poisoned darts (quivered)
Press: ? - help, Shift-Dir - straight line, f - you Really target yourself?
Okay, then.
Ijyb drinks a potion.
Ijyb is healed!
Ijyb looks more healthy.
Throwing (i - inventory. (/) - cycle)
d - 13 poisoned darts (quivered)
Press: ? - help, Shift-Dir - straight line, f - Ijyb
Aim: Ijyb, wearing a +0 leather armour and carrying a wand of acid (6)
You throw a poisoned dart. The poisoned dart hits Ijyb.
Ijyb is poisoned.
Throwing (i - inventory. (/) - cycle)
d - 12 poisoned darts (quivered)
Press: ? - help, Shift-Dir - straight line, f/p - Ijyb
Aim: Ijyb, wearing a +0 leather armour and carrying a wand of acid (6) (poisoned)
You throw a poisoned dart. The poisoned dart hits Ijyb.
Ijyb looks even sicker.
Ijyb zaps a wand.
The bolt of acid hits you! The acid corrodes you!
You are splashed with acid!
* * * LOW HITPOINT WARNING * * *
Ijyb zaps a wand.
The bolt of acid hits you!
* * * LOW HITPOINT WARNING * * *
The acid corrodes you!
You are splashed with acid!
You die...

...........รท....##
...........###### # ####....###
#### ##..## ###.... ##..# #......
# . #..##########.####. ## ..
#........[..#.##... .# ..
#......g<(....#.... .# #.
###.@#######....#.... .#
#.####....# ##......._ ##
#........########.(.#.... #
###...........r.....#.... #
#.......g..l......##... ##
#...............).####. .#####
##......................
.....#####.......................
........#........................


You could see Ijyb (very poisoned).

Vanquished Creatures
  Eustachio (D:4)
  An ogre (D:4)
  A scorpion (D:4)
  An orc priest (D:4)
  4 gnolls (D:2)
  5 adders
  An ooze (D:2)
  3 worms
  3 dart slugs
  A leopard gecko (D:2)
  6 orcs (D:4)
  5 bats
  15 giant cockroaches
  8 goblins
  7 hobgoblins
  12 jackals
  7 kobolds
  A quokka (D:3)
  A ball python (D:2)
  3 frilled lizards
  A quokka skeleton (D:4)
  9 rats
  A spectral orc (D:3)
97 creatures vanquished.

Vanquished Creatures (others)
  A jackal (D:4)
1 creature vanquished.

Grand Total: 98 creatures vanquished

Notes
Turn   | Place    | Note
-------+----------+-------------------------------------------
     0 | D:1      | HungrySpirit the Gnoll Assassin began the quest for the
                  | Orb.
     0 | D:1      | Reached XP level 1. HP: 20/20 MP: 1/1
    56 | D:1      | Reached XP level 2. HP: 25/26 MP: 2/2
   608 | D:1      | Reached XP level 3. HP: 31/31 MP: 3/3
   799 | D:2      | Reached skill level 1 in Invocations
   811 | D:2      | Reached skill level 1 in Long Blades
   811 | D:2      | Reached skill level 1 in Axes
   811 | D:2      | Reached skill level 1 in Maces & Flails
   811 | D:2      | Reached skill level 1 in Polearms
   811 | D:2      | Reached skill level 1 in Staves
   811 | D:2      | Reached skill level 1 in Slings
   811 | D:2      | Reached skill level 1 in Bows
   811 | D:2      | Reached skill level 1 in Crossbows
   811 | D:2      | Reached skill level 1 in Armour
   811 | D:2      | Reached skill level 1 in Shields
   811 | D:2      | Reached skill level 1 in Unarmed Combat
   811 | D:2      | Reached skill level 1 in Spellcasting
   811 | D:2      | Reached skill level 1 in Evocations
   811 | D:2      | Reached XP level 4. HP: 23/38 MP: 5/5
  1322 | D:2      | Reached skill level 1 in Conjurations
  1322 | D:2      | Reached skill level 1 in Hexes
  1322 | D:2      | Reached skill level 1 in Charms
  1322 | D:2      | Reached skill level 1 in Summonings
  1322 | D:2      | Reached skill level 1 in Necromancy
  1322 | D:2      | Reached skill level 1 in Translocations
  1322 | D:2      | Reached skill level 1 in Transmutations
  1322 | D:2      | Reached skill level 1 in Fire Magic
  1322 | D:2      | Reached skill level 1 in Ice Magic
  1322 | D:2      | Reached skill level 1 in Air Magic
  1322 | D:2      | Reached skill level 1 in Earth Magic
  1322 | D:2      | Reached skill level 1 in Poison Magic
  1752 | D:2      | Reached XP level 5. HP: 43/43 MP: 6/6
  1909 | D:2      | Found a shimmering altar of Xom.
  2384 | D:3      | Found a basalt altar of Yredelemnul.
  2552 | D:3      | Found a burning altar of Makhleb.
  2903 | D:4      | Found a hide-covered altar of Uskayaw.
  2903 | D:4      | Noticed Eustachio
  2944 | D:4      | Killed Eustachio
  2944 | D:4      | Reached skill level 5 in Fighting
  2944 | D:4      | Reached skill level 5 in Short Blades
  2944 | D:4      | Reached skill level 5 in Throwing
  2944 | D:4      | Reached skill level 8 in Stealth
  2944 | D:4      | Reached XP level 6. HP: 27/51 MP: 7/9
  3493 | D:4      | Reached XP level 7. HP: 40/56 MP: 10/10
  3636 | D:4      | Noticed Ijyb
  3829 | D:4      | Splashed by Ijyb's acid

Illustrated notes

Levels and vault maps discovered:
D:1:      lightli_arrival_quake, layout_rooms, minmay_pentomino_x2
D:2:      minmay_roachtagon, layout_basic, tgw_xom
D:3:      layout_rooms, bloody_makhleb, yredelemnul_forgotten_temple_becter
D:4:      layout_layer_cave, overflow_temple_1_default, old_standard_altar,
          biasface_ghost_orc_armoury, first_ration, serial_shops,
          kennysheep_mini, uniq_ijyb, uniq_eustachio

Skill      XL: |  1  2  3  4  5 |
---------------+----------------+-----
Invocations    | 1 2 |  2.5
Long Blades    | 1 2 |  2.3
Axes           | 1 2 |  2.3
Maces & Flails | 1 2 |  2.3
Polearms       | 1 2 |  2.3
Staves         | 1 2 |  2.3
Slings         | 1 2 |  2.3
Bows           | 1 2 |  2.3
Crossbows      | 1 2 |  2.3
Armour         | 1 2 |  2.3
Shields        | 1 2 |  2.3
Unarmed Combat | 1 2 |  2.3
Spellcasting   | 1 2 |  2.3
Evocations     | 1 2 |  2.3
Conjurations   | 1 |  1.8
Hexes          | 1 |  1.8
Charms         | 1 |  1.8
Summonings     | 1 |  1.8
Necromancy     | 1 |  1.8
Translocations | 1 |  1.8
Transmutations | 1 |  1.8
Fire Magic     | 1 |  1.8
Ice Magic      | 1 |  1.8
Air Magic      | 1 |  1.8
Earth Magic    | 1 |  1.8
Poison Magic   | 1 |  1.8
Dodging        | 3 |  3.5
Fighting       | 5 |  5.1
Short Blades   | 5 |  5.1
Throwing       | 5 |  5.1
Stealth        | 8 |  8.1

Action                   |  1- 3 |  4- 6 |  7- 9 || total
-------------------------+-------+-------+-------++-------
Melee: Dagger            |    73 |   266 |    30 ||   369
       Bite              |     7 |    32 |     3 ||    42
       Punch             |       |       |     1 ||     1
Throw: Dart              |     6 |    23 |     4 ||    33
  Use: Potion            |       |     1 |       ||     1
 Stab: Sleeping          |     8 |     6 |       ||    14
  Eat: Chunk             |       |     8 |     1 ||     9
Armor: Robe              |    12 |    16 |       ||    28
       Chain mail        |       |   100 |    31 ||   131
Dodge: Dodged            |    47 |   136 |    19 ||   202
